 Dungeon Crawl Stone Soup version 0.31.0-32-g396128a36d (webtiles) character file.

Game seed: 15393630105496876533

133101 Cheops the Metamorph (level 17, -4/112 HPs)
             Began as an Octopode Shapeshifter on Mar 11, 2024.
             Was a High Priest of Wu Jian.
             Slain by a cacodemon (11 damage)
             ... summoned by Asterion
             ... on level 1 of the Spider Nest on Mar 12, 2024.
             The game lasted 01:50:56 (31547 turns).

Cheops the Metamorph (Octopode Shapeshifter)       Turns: 31547, Time: 01:50:56

Health: -4/112     AC: 10    Str: 21    XL:     17   Next: 14%
Magic:  21/21      EV: 20    Int: 12    God:    Wu Jian [*****.]
Gold:   1140       SH:  5    Dex: 10    Spells: 8/22 levels left

rFire   + +          +
                       - Unarmed
rCold   + . .        (shield currently unavailable)
rNeg    . . .        X - +1 hat
rPois   +            M - amulet of Conformity {Reflect -Tele rPois SH+5 SInv Stlth+}
rElec   .            t - ring of willpower
rCorr   .            g - ring of protection from fire
SInv    +            j - +4 ring of protection
Will    ++...        w - ring of protection from fire
Stlth   ++++         D - +4 ring of protection
HPRegen 0.38/turn    i - ring of protection from fire
MPRegen 0.17/turn    Y - ring of Grontol {rC+ Stlth+}
                     N - +5 ring of evasion

%: no teleportation, reflection
@: blade tentacles, spiked, slowed, studying Maces & Flails, very slow
A: almost no armour, amphibious, 8 rings, camouflage 1, gelatinous body 1,
(nimble swimmer 1), tentacles, clumsy 1, inability to drink after injury 1
a: Begin Untransformation, Renounce Religion, Wall Jump, Serpent's Lash,
Heavenly Storm


You were on level 1 of the Spider Nest.
You worshipped Wu Jian.
Wu Jian was extremely pleased with you.
You had blades for main tentacles.
You visited 5 branches of the dungeon, and saw 22 of its levels.
You also visited: Sewer and Volcano.

You collected 2132 gold pieces.
You spent 992 gold pieces at shops.

Inventory:

Hand Weapons
 S - the +1 dagger of Massacring {flame, Will+++ Int+7}
   (You found it on level 13 of the Dungeon)

   Int+7:     It affects your intelligence (+7).
   Will+++:   It greatly increases your willpower.
Armour
 X - a +1 hat (worn)
Magical Staves
 b - a staff of conjuration
Jewellery
 g - a ring of protection from fire (right blade tentacle)
 i - a ring of protection from fire (on tentacle)
 j - a +4 ring of protection (on tentacle)
 t - a ring of willpower (left blade tentacle)
 w - a ring of protection from fire (on tentacle)
 y - an amulet of the acrobat
 z - a ring of flight
 B - a +6 ring of intelligence
 C - an amulet of magic regeneration
 D - a +4 ring of protection (on tentacle)
 I - an amulet of reflection
 M - the amulet of Conformity (around mantle) {Reflect -Tele rPois SH+5 SInv Stlth+}
   (You found it on level 4 of the Lair of Beasts)

   [amulet of reflection]

   Reflect:   It reflects blocked missile attacks.
   rPois:     It protects you from poison SInv: It lets you see invisible.
   -Tele:     It prevents most forms of teleportation.
   SH+5:      It affects your SH (+5).
   Stlth+:    It makes you more stealthy.
 N - a +5 ring of evasion (on tentacle)
 W - a ring of see invisible
 Y - the ring of Grontol (on tentacle) {rC+ Stlth+}
   (You found it on level 7 of the Dungeon)

   [ring of protection from cold]

   rC+:       It protects you from cold.
   Stlth+:    It makes you more stealthy.
Talismans
 c - a beast talisman
 d - a flux talisman
 e - a blade talisman (active)
 f - a storm talisman
Wands
 l - a wand of quicksilver (7)
 q - a wand of digging (3)
 u - a wand of mindburst (19)
 v - a wand of polymorph (12)
 E - a wand of charming (15)
 L - a wand of iceblast (24)
 R - a wand of flame (36)
Scrolls
 m - 4 scrolls of teleportation
 p - 2 scrolls of poison
 r - a scroll of butterflies
 A - 5 scrolls of revelation
 H - 3 scrolls of immolation
 K - 2 scrolls of vulnerability
 O - a scroll of silence
Potions
 a - 6 potions of lignification
 h - 3 potions of might
 k - 3 potions of heal wounds
 n - a potion of invisibility
 o - 2 potions of resistance
 s - 4 potions of brilliance
 x - 3 potions of magic
 F - 5 potions of mutation
 G - a potion of berserk rage
 J - 5 potions of curing
 P - a potion of ambrosia
 Q - a potion of haste
 T - 4 potions of cancellation
 V - 4 potions of attraction


   Skills:
 - Level 9.0 Fighting
 - Level 8.0 Dodging
 - Level 15.1 Unarmed Combat
 - Level 3.0 Spellcasting
 - Level 5.5 Conjurations
 - Level 7.1 Translocations
 - Level 6.2 Evocations
 + Level 19.8 Shapeshifting


You had 8 spell levels left.
You knew the following spells:

 Your Spells              Type           Power      Damage    Failure   Level
b - Blink                 Tloc           36%        N/A       1%          2
d - Teleport Other        Tloc           18%        N/A       4%          3
g - Gell's Gravitas       Tloc           18%        N/A       4%          3
i - Iskenderun's Mystic   Conj/Tloc      16%        2d5       19%         4
l - Lesser Beckoning      Tloc           36%        N/A       1%          2

Your spell library contained the following spells:

 Spells                   Type           Power      Damage    Failure   Level
 Magic Dart               Conj           60%        1d6       2%          1
 Necrotise                Necr           4%         1d4       24%         1
 Call Imp                 Summ           2%         N/A       36%         2
 Cigotuvi's Dreadful Rot  Necr/Alch/Air  2%         N/A       36%         2
 Sublimation of Blood     Necr           1%         N/A       36%         2
 Dimensional Bullseye     Hex/Tloc       5%         N/A       50%         4
 Inner Flame              Hex/Fire       1%         N/A       58%         3
 Tukima's Dance           Hex            1%         N/A       58%         3
 Vampiric Draining        Necr           1%         2d6       58%         3
 Summon Forest            Summ/Tloc      5%         N/A       85%         5
 Fireball                 Conj/Fire      4%         3d4       91%         5
 Irradiate                Conj/Alch      4%         3d13      91%         5
 Cause Fear               Hex            0%         N/A       94%         4
 Dispel Undead            Necr           1%         3d6       94%         4
 Ignite Poison            Fire/Alch      1%         N/A       94%         4
 Martyr's Knell           Necr/Summ      1%         N/A       94%         4
 Petrify                  Alch/Erth      1%         N/A       94%         4
 Freezing Cloud           Conj/Ice/Air   3%         6-21      97%         5
 Summon Mana Viper        Hex/Summ       1%         N/A       100%        5
 Death Channel            Necr           0%         N/A       100%        6
 Summon Cactus Giant      Summ           0%         N/A       100%        6
 Summon Hydra             Summ           0%         N/A       100%        7
 Ignition                 Fire           0%         3d3       100%        8
 Infestation              Necr           0%         N/A       100%        8
 Dragon's Call            Summ           0%         N/A       100%        9


Dungeon Overview and Level Annotations

Branches:
Dungeon (13/15)            Temple (1/1) D:5            Lair (5/5) D:11
  Swamp (0/4) Lair:2       Spider (1/4) Lair:3        Slime (0/5) Lair:5
    Orc (2/2) D:10            Elf (0/3) Orc:2        Vaults (0/5) D:13
  Sewer (visited)         Volcano (visited)

Altars:
Ashenzari
Cheibriados
Dithmenos
Elyvilon
Fedhas
Gozag
Hepliaklqana
Kikubaaqudgha
Makhleb
Nemelex Xobeh
Okawaru
Qazlal
Ru
Sif Muna
Trog
Uskayaw
Vehumet
Wu Jian
Xom
Yredelemnul
Zin
The Shining One
Jiyva

Shops:
D:13 *   Orc:2 [*![

Portals:
Abyss: D:6

Annotations:
Lair:5 zeteo's ghost, journeyman SpEn
Spider:1 Asterion


Innate Abilities, Weirdness & Mutations

You have blades for main tentacles.
You are incapable of wielding weapons or throwing items.
You cannot wear most types of armour.
You are amphibious.
You can wear up to eight rings at the same time.
Your skin changes colour to match your surroundings (Stealth+).
Your rubbery body absorbs attacks. (AC +1, EV +1)
((You are camouflaged when in or above water. (Stealth+)))
You have tentacles for arms and can constrict up to eight enemies at once.
You are clumsy. (Dex -2)
You occasionally lose the ability to drink potions when taking damage.


Message History

Asterion hits you with a +1 spectral morningstar!!
* * * LOW HITPOINT WARNING * * *
The +1 spectral morningstar hits you!
* * * LOW HITPOINT WARNING * * *
Asterion misses you.
Unknown command.
Unknown command.
Unknown command.
Unknown command.
Unknown command.
Okay, then.
Okay, then.
You feel much better.
Asterion hits you with a +1 spectral morningstar!
* * * LOW HITPOINT WARNING * * *
The +1 spectral morningstar hits you.
* * * LOW HITPOINT WARNING * * *
Asterion gores you!
* * * LOW HITPOINT WARNING * * *
You block the steelbarb worm's attack. The cacodemon completely misses you.
The cacodemon closely misses you. Asterion completely misses you.
The +1 spectral morningstar misses you. Asterion gores you but does no damage.
Unknown command.
Unknown command.
Unknown command.
Unknown command.
Unknown command.
Okay, then.
As you read the scroll of butterflies, it crumbles to dust.
You hear the flapping of tiny wings.
The steelbarb worm is knocked back by the sudden gust.
The +1 spectral morningstar is knocked back by the sudden gust.
Asterion is knocked back by the sudden gust.
The torpor snail is knocked back by the sudden gust.
The cacodemon is knocked back by the sudden gust.
Asterion hits your butterfly with a +1 spectral morningstar!!
Your butterfly dies!
Your butterfly disappears in a burst of colours!
The cacodemon hits you!
You die...

..... ..... ......
#### ..b... ....
..bb(b# ...
..bbbbb####### ##
...b.bb2bbb..# .#
..wH.bb@bb...## . .#
..bbbbbbbbb.b.####...
..#
.....bbbbbb.....^....
.#..
..bbwbbb.bb.#..#####
#..# ..bb.b#######..#
#.## #...## #..# #.#
#### #..# ..## #..#
...# ##..#


You could see Asterion (fast, ally target), a cacodemon (summoned, ally target),
a steelbarb worm (ally target), a torpor snail (ally target) and a +1 spectral
morningstar (ally target).

Vanquished Creatures
  Kirke (Lair:4)
  A ghost moth (Spider:1)
  A broodmother (Spider:1)
  A dire elephant (Lair:5)
  Azrael (Orc:2)
  A fire dragon (D:13)
  Josephine (D:11)
  The ghost of Chant0 the Skirmisher, a journeyman MiHu of the Shining One (Lair:2)
  A hydra (D:13)
  The ghost of Liamsmithers the Cleaver, a journeyman DsGl of Ashenzari (D:10)
  A catoblepas (Lair:5)
  An ogre mage (Orc:2)
  Erica (D:10)
  2 boulder beetles
  A radroach (Spider:1)
  8 two-headed ogres
  4 centaur warriors (D:13)
  12 death yaks
  A shock serpent (Lair:1)
  Urug (D:11)
  A pharaoh ant (Lair:3)
  3 skeletal warriors (Volcano)
  A spectral anaconda (Lair:5)
  An obsidian statue (Lair:5)
  A steelbarb worm (Spider:1)
  5 orc knights (Orc:2)
  4 necromancers (Lair:5)
  An orc sorcerer (Orc:2)
  A wolf spider (Spider:1)
  5 ugly things
  An oklob plant (Lair:4)
  The ghost of spaghetti the Summoner, a novice VSSu of Kikubaaqudgha (D:7)
  17 elephants
  8 kobold blastminers
  A cyclops (D:13)
  Maurice (D:10)
  An alligator skeleton (Volcano)
  A black mamba (shapeshifter) (D:10)
  2 torpor snails (Spider:1)
  5 black mambas
  4 gargoyles
  13 cane toads
  Maggie (D:10)
  5 komodo dragons
  A dire elephant skeleton (Lair:5)
  An unseen horror (D:12)
  2 kobold demonologists (D:13)
  2 rime drakes
  6 trolls
  A tyrant leech (Lair:2)
  2 spectral elephants (Lair:5)
  A harpy skeleton (Volcano)
  5 tarantellas
  18 blink frogs
  3 slime creatures (Lair:5)
  6 jumping spiders (Spider:1)
  2 vampires
  A spriggan (shapeshifter) (D:10)
  6 wraiths
  6 culicivoras (Spider:1)
  A shadow (D:10)
  A human (shapeshifter) (D:10)
  101 yaks
  5 wyverns
  Grum (Lair:1)
  3 hogs (Lair:3)
  A dire elephant simulacrum (Lair:5)
  3 steam dragons
  5 basilisks
  2 neqoxecs (D:10)
  3 wargs
  3 redbacks (Spider:1)
  2 spectral cane toads (Lair:5)
  A swamp worm (Lair:2)
  An acid dragon (D:11)
  16 water moccasins
  4 hell hounds
  Pargi (Sewer)
  A swamp drake (shapeshifter) (D:13)
  2 laughing skulls (Volcano)
  26 orc warriors
  An ice beast (D:5)
  4 black bears
  7 ogres
  18 wolves
  21 centaurs
  The ghost of seawaffle the Changeling, an amateur OpSh (D:6)
  A weeping skull (Volcano)
  2 phantoms (D:6)
  6 kobold brigands
  A brain worm (Sewer)
  13 bullfrogs
  Blork the orc (Orc:2)
  8 gnoll sergeants
  2 scorpions (D:5)
  3 small abominations (D:6)
  A cane toad simulacrum (Lair:5)
  13 wights
  A spriggan skeleton (Volcano)
  5 howler monkeys
  2 troll skeletons (Volcano)
  5 electric eels
  5 hounds
  3 jellies
  3 bombardier beetles
  A quasit (D:6)
  2 gnoll boudas
  7 orc priests
  Crazy Yiuf (D:4)
  18 orc wizards
  4 iguanas
  2 sleepcaps
  A naga skeleton (Volcano)
  27 gnolls
  8 adders
  3 shadow imps (D:5)
  A white imp (D:6)
  4 ufetubi (D:6)
  2 ribbon worms
  56 orcs
  6 ball pythons
  7 bats
  9 endoplasms
  5 giant cockroaches
  10 goblins
  4 hobgoblins
  9 jackals
  20 kobolds
  5 quokkas
  3 frilled lizards
  8 rats
722 creatures vanquished.

Vanquished Creatures (others)
  A human (Lair:4)
  A wolf (Lair:1)
  A centaur (D:13)
  An orc wizard (D:9)
  2 orcs
6 creatures vanquished.

Grand Total: 728 creatures vanquished

Notes
Turn   | Place    | Note
-------+----------+-------------------------------------------
     0 | D:1      | Cheops the Octopode Shapeshifter began the quest for the
                  | Orb.
     0 | D:1      | Reached XP level 1. HP: 13/13 MP: 1/1
    86 | D:1      | Reached XP level 2. HP: 18/18 MP: 2/2
   105 | D:1      | Found a faded altar of an unknown god.
   342 | D:1      | Reached XP level 3. HP: 19/23 MP: 3/3
   982 | D:2      | Reached skill level 5 in Unarmed Combat
   982 | D:2      | Reached XP level 4. HP: 6/28 MP: 4/4
  1517 | D:3      | Reached XP level 5. HP: 26/33 MP: 5/5
  1647 | D:3      | Reached skill level 4 in Shapeshifting
  2053 | D:4      | Noticed an ogre
  2071 | D:4      | Killed an ogre
  2072 | D:4      | Reached XP level 6. HP: 38/38 MP: 6/6
  2074 | D:4      | Reached skill level 5 in Shapeshifting
  2345 | D:4      | Found a stormy altar of Qazlal.
  2345 | D:4      | Found a snail-covered altar of Cheibriados.
  2345 | D:4      | Found a bloodstained altar of Trog.
  2444 | D:4      | Reached skill level 6 in Shapeshifting
  2444 | D:4      | Reached XP level 7. HP: 43/43 MP: 7/7
  2509 | D:4      | Found a runed translucent door.
  2510 | D:4      | Noticed Crazy Yiuf
  2712 | D:4      | Killed Crazy Yiuf
  2801 | D:5      | Entered Level 5 of the Dungeon
  2801 | D:5      | Found a transporter.
  2985 | D:5      | Reached skill level 7 in Shapeshifting
  3041 | D:5      | Found an opulent altar of Gozag.
  3058 | D:5      | Found a staircase to the Ecumenical Temple.
  3076 | D:5      | Found a burning altar of Makhleb.
  3097 | D:5      | Reached XP level 8. HP: 52/52 MP: 8/8
  3144 | D:5      | Found a glowing drain.
  3159 | Sewer    | Entered a sewer
  3231 | Sewer    | Noticed Pargi
  3235 | Sewer    | Killed Pargi
  3236 | Sewer    | Reached skill level 5 in Fighting
  3356 | D:5      | Found a transporter.
  3504 | D:5      | Noticed a blizzard demon
  3507 | D:5      | Noticed a hellwing
  3507 | D:5      | Noticed a smoke demon
  4019 | D:6      | Found a transporter.
  4039 | D:6      | Found a one-way gate to the infinite horrors of the Abyss.
  4039 | D:6      | Noticed seawaffle's ghost (amateur OpSh)
  4044 | D:6      | Noticed a small abomination
  4065 | D:6      | Found a radiant altar of Vehumet.
  4141 | D:6      | Reached XP level 9. HP: 26/62 MP: 9/9
  4279 | D:6      | Identified a scroll of acquirement
  4280 | D:6      | Acquired a manual of Shapeshifting
  4428 | D:6      | Reached skill level 8 in Shapeshifting
  4557 | D:6      | Found a transporter.
  4693 | D:7      | Reached skill level 9 in Shapeshifting
  4834 | D:7      | Identified the +1 spear "Cunikl Dusia" {venom, Fly Str+2}
  4846 | D:7      | Found a transporter.
  4846 | D:7      | Found a transporter.
  4859 | D:7      | Noticed spaghetti's ghost (novice VSSu)
  4929 | D:7      | Found an iron altar of Okawaru.
  5126 | D:7      | Reached skill level 10 in Shapeshifting
  5429 | D:7      | Reached skill level 11 in Shapeshifting
  5881 | Temple   | Entered the Ecumenical Temple
  5905 | Temple   | Became a worshipper of the Wu Jian Council
  6125 | D:8      | Reached skill level 12 in Shapeshifting
  6323 | D:8      | Reached XP level 10. HP: 55/68 MP: 10/10
  6335 | D:8      | Reached skill level 13 in Shapeshifting
  7011 | D:8      | Reached skill level 14 in Shapeshifting
  7114 | D:9      | Noticed a two-headed ogre
  7131 | D:9      | Noticed a two-headed ogre
  7151 | D:9      | Killed a two-headed ogre
  7298 | D:9      | Reached * piety under Wu Jian
  7300 | D:9      | Reached skill level 10 in Unarmed Combat
  7474 | D:9      | Killed a two-headed ogre
  7475 | D:9      | Reached XP level 11. HP: 61/72 MP: 11/11
  7854 | D:10     | Entered Level 10 of the Dungeon
  8032 | D:10     | Found a staircase to the Orcish Mines.
  8256 | D:10     | Found a runed translucent gate.
  8257 | D:10     | Found a runed translucent gate.
  8259 | D:10     | Found a runed translucent gate.
  8260 | D:10     | Noticed a white ugly thing
  8263 | D:10     | Noticed a red ugly thing
  8263 | D:10     | Noticed a red ugly thing
  8265 | D:10     | Noticed a white ugly thing
  8361 | D:10     | Reached skill level 5 in Dodging
  8373 | D:10     | Noticed Maggie
  8383 | D:10     | Killed Maggie
  8749 | D:11     | Noticed Erica
  8767 | D:10     | HP: 1/72 [something (16)]
  9138 | D:10     | Found a staircase to the Orcish Mines.
  9427 | D:10     | Killed Erica
  9702 | D:11     | Noticed a two-headed ogre
  9815 | D:11     | Noticed Urug
  9832 | D:11     | Killed Urug
  9948 | D:11     | Reached skill level 1 in Evocations
 10178 | D:11     | Reached ** piety under Wu Jian
 10190 | D:11     | Noticed Josephine
 10195 | D:11     | Killed Josephine
 10196 | D:11     | Reached skill level 5 in Evocations
 10196 | D:11     | Reached XP level 12. HP: 18/79 MP: 12/12
 10394 | D:11     | Killed a two-headed ogre
 10595 | D:11     | Found a staircase to the Lair.
 10915 | D:11     | Found a shimmering blue altar of Sif Muna.
 10990 | Lair:1   | Entered Level 1 of the Lair of Beasts
 11197 | Lair:1   | Noticed Sonja
 11197 | Lair:1   | Noticed Grum
 11201 | Lair:1   | Sonja changed into Sonja the shock serpent
 11201 | Lair:1   | Noticed Sonja
 11204 | Lair:1   | Killed Sonja the shock serpent
 11219 | Lair:1   | HP: 2/79 [Grum/-1 glaive (16)]
 11224 | Lair:1   | Killed Grum
 12006 | Lair:1   | Reached *** piety under Wu Jian
 12378 | Lair:2   | Found a dark tunnel.
 12395 | Volcano  | Entered a volcano
 13250 | Volcano  | Reached XP level 13. HP: 21/83 MP: 13/13
 14205 | Lair:2   | Reached skill level 15 in Unarmed Combat
 14231 | Lair:2   | Learned a level 2 spell: Blink
 14548 | Lair:2   | Reached skill level 1 in Translocations
 14811 | Lair:2   | Reached skill level 1 in Spellcasting
 14916 | Lair:2   | Found a runed translucent door.
 14917 | Lair:2   | Noticed Chant0's ghost (journeyman MiHu)
 15060 | Lair:2   | Found a staircase to the Swamp.
 15525 | Lair:3   | Found a hole to the Spider Nest.
 15949 | Lair:3   | Reached **** piety under Wu Jian
 16860 | Lair:4   | Noticed Kirke
 16871 | Lair:3   | Reached skill level 5 in Translocations
 16917 | Lair:4   | Killed Kirke
 17372 | Lair:4   | Identified the amulet of Conformity {Reflect -Tele rPois
                  | SH+5 SInv Stlth+}
 17847 | Lair:4   | Reached XP level 14. HP: 51/92 MP: 18/18
 17895 | Lair:4   | Reached ***** piety under Wu Jian
 18335 | Lair:4   | Learned a level 2 spell: Lesser Beckoning
 18339 | Lair:4   | Learned a level 3 spell: Gell's Gravitas
 18343 | Lair:4   | Learned a level 3 spell: Teleport Other
 18348 | Lair:4   | Learned a level 4 spell: Iskenderun's Mystic Blast
 18513 | Lair:5   | Entered Level 5 of the Lair of Beasts
 19387 | Lair:5   | Reached skill level 15 in Shapeshifting
 19677 | Lair:5   | Found a viscous altar of Jiyva.
 19752 | Lair:5   | Found a staircase to the Slime Pits.
 20464 | Lair:5   | Found a runed translucent door.
 20464 | Lair:5   | Found a shimmering altar of Xom.
 20464 | Lair:5   | Noticed zeteo's ghost (journeyman SpEn)
 20590 | Lair:5   | Reached skill level 16 in Shapeshifting
 20873 | Lair:5   | Noticed a dire elephant
 21073 | Lair:5   | Killed a dire elephant
 21352 | Lair:5   | Got Kikubaaqudgha's Vellum of Resurrection
 21498 | Lair:5   | Reached XP level 15. HP: 51/99 MP: 19/19
 21921 | Lair:5   | Reached skill level 17 in Shapeshifting
 22393 | Lair:5   | Found a viscous altar of Jiyva.
 22397 | Lair:5   | Found a staircase to the Slime Pits.
 23126 | Orc:1    | Entered Level 1 of the Orcish Mines
 23128 | Orc:1    | Noticed Maurice
 23544 | D:10     | Killed Maurice
 23942 | Orc:2    | Entered Level 2 of the Orcish Mines
 23945 | Orc:2    | Noticed Azrael
 24270 | Orc:2    | Killed Azrael
 24395 | Orc:2    | Found a staircase to the Elven Halls.
 24412 | Orc:2    | Paralysed by an ogre mage for 5 turns
 24492 | Orc:2    | Noticed Blork the orc
 24500 | Orc:2    | Killed Blork the orc
 25024 | Orc:1    | You are sucked into a shaft and drop 1 floor!
 25451 | Orc:2    | Reached skill level 18 in Shapeshifting
 26007 | Orc:2    | Found Uling's Distillery.
 26007 | Orc:2    | Found Omewivecw's Assorted Antiques.
 26007 | Orc:2    | Found Zyesmuig's Armour Emporium.
 26011 | Orc:2    | Found Zuotzets's Armour Shop.
 26027 | Orc:2    | Bought a small moonstone ring for 185 gold pieces
 26029 | Orc:2    | Bought a scroll of identify for 74 gold pieces
 26029 | Orc:2    | Bought a scroll labelled UHOT SUNUAPEMU for 37 gold pieces
 26031 | Orc:2    | Reached skill level 5 in Conjurations
 26031 | Orc:2    | Reached XP level 16. HP: 102/108 MP: 20/20
 26039 | Orc:2    | Bought 2 potions of curing for 96 gold pieces
 26039 | Orc:2    | Bought a potion of curing for 48 gold pieces
 26039 | Orc:2    | Bought a potion of heal wounds for 80 gold pieces
 26039 | Orc:2    | Bought a potion of curing for 48 gold pieces
 26039 | Orc:2    | Bought a potion of might for 64 gold pieces
 26039 | Orc:2    | Bought a potion of berserk rage for 80 gold pieces
 27488 | D:13     | Found Ritaeh's General Store.
 27494 | D:13     | Identified the +1 dagger of Massacring {flame, Will+++
                  | Int+7}
 27499 | D:13     | Bought a potion of cancellation for 128 gold pieces
 27499 | D:13     | Bought a scroll of blinking for 120 gold pieces
 27499 | D:13     | Bought a scroll of identify for 32 gold pieces
 28431 | D:13     | Found a gate to the Vaults.
 28849 | Lair:2   | Killed Chant0's ghost
 28850 | Lair:2   | Reached skill level 19 in Shapeshifting
 29180 | D:6      | Killed seawaffle's ghost
 29324 | D:7      | Killed spaghetti's ghost
 29636 | D:7      | Identified the ring of Grontol {rC+ Stlth+}
 29903 | D:10     | Found a runed translucent gate.
 29903 | D:10     | Found a runed translucent gate.
 29907 | D:10     | Found a runed translucent gate.
 29907 | D:10     | Noticed Liamsmithers's ghost (journeyman DsGl)
 29960 | D:10     | Gained mutation: You are clumsy. (Dex -2) [a neqoxec]
 29974 | D:10     | Killed Liamsmithers's ghost
 30656 | Spider:1 | Entered Level 1 of the Spider Nest
 30793 | Spider:1 | Reached XP level 17. HP: 90/112 MP: 0/21
 31184 | Spider:1 | Identified the +4 quarterstaff "Racicaligi" {drain, rElec
                  | rPois rN+ MP+9}
 31351 | Spider:1 | Identified the +5 rapier "Kudof" {heavy, rC+ Str+3 Stlth-}
 31541 | Spider:1 | Noticed Asterion
 31544 | Spider:1 | Gained mutation: You occasionally lose the ability to drink
                  | potions when taking damage. [a cacodemon]
 31547 | Spider:1 | Slain by a cacodemon

Illustrated notes

Levels and vault maps discovered:
D:1:      dpeg_arrival_castle, layout_rooms,
          hellmonk_ecumenical_altar_leap_of_faith
D:2:      layout_basic
D:3:      layout_loops_ring
D:4:      layout_loops_ring, gammafunk_temple_overflow_claw,
          uniq_crazy_yiuf_cottage
D:5:      gammafunk_wand_slinger, layout_gridville, kennysheep_mini,
          makhleb_altar_promises_db, temple_statues, serial_glass,
          glass_columns_c, glass_columns_a, portal_sewer_entry_a
D:6:      layout_rooms, mainiacjoe_overflow_alcove_4,
          gammafunk_ghost_abyssal_escape
D:7:      layout_loops_ring, mainiacjoe_overflow_paths,
          gammafunk_ghost_gnarly_gnolls
D:8:      layout_loops_corners, serial_rivers, chequers_serial_rivers_marsh,
          chequers_serial_rivers_micro_e, chequers_serial_rivers_large_b,
          chequers_serial_rivers_micro_e
D:9:      layout_cave_pools
D:10:     layout_basic, orc_0_dummy,
          ploomutoo_gammafunk_ghost_potion_laboratory, uniq_maggie
D:11:     layout_rooms, erik_lair_island, tgw_sif, uniq_erica, uniq_josephine,
          uniq_urug
D:12:     layout_gridville
D:13:     layout_irregular_city, hellmonk_vaults_attempted_burglary,
          serial_shops, shop
Temple:   regret_index_temple_generic_petals
Lair:1:   layout_hall_layers, uniq_sonja, uniq_grum
Lair:2:   layout_cave_pods, minmay_swamp_entry_worms,
          nicolae_volcano_entry_lava_flow, ebering_ghost_inner_flame,
          serial_bayou_shore_a, lemuel_fruit_tree, infiniplex_staircase_pool
Lair:3:   layout_small_grid, spider_nest_entry_web_field, serial_bayou_shore_b
Lair:4:   layout_cave_pods, minivault_11, uniq_kirke
Lair:5:   due_jungle_book, layout_loops_ring, minmay_slime_entry_pillars,
          ebering_ghost_xom, st_stairs_3
Spider:1: layout_cave_pods, uniq_asterion
Orc:1:    layout_caves, uniq_maurice
Orc:2:    st_orc_rangers, layout_caves, sword_in_stone, uniq_azrael

Skill      XL: |  1  2  3  4  5  6  7  8  9 10 11 12 13 14 15 16 |
---------------+-------------------------------------------------+-----
Unarmed Combat | 4 5 7 10 14 15 | 15.1
Shapeshifting  | 4 6 7 12 14 16 18 19 | 19.8
Fighting       | 3 6 7 9 |  9.0
Dodging        | 8 |  8.0
Evocations     | 5 6 |  6.2
Translocations | 7 |  7.1
Spellcasting   | 3 |  3.0
Conjurations   | 5 |  5.5

Action                     |  1- 3 |  4- 6 |  7- 9 | 10-12 | 13-15 | 16-18 || total
---------------------------+-------+-------+-------+-------+-------+-------++-------
  Melee: Unarmed           |    77 |    87 |   261 |   576 |  1141 |   353 ||  2495
         Constrict         |    17 |    26 |    63 |    89 |   123 |    44 ||   362
         Tentacles         |    10 |    21 |    77 |   170 |   401 |   111 ||   790
         Punch             |     1 |     4 |     2 |       |       |    18 ||    25
 Invoke: Serpent's Lash    |       |       |       |       |     3 |       ||     3
         Heavenly Storm    |       |       |       |       |     2 |       ||     2
Ability: Begin Untransform |     1 |       |     2 |       |     2 |       ||     5
         Lunge             |       |       |       |    25 |    65 |    34 ||   124
         Whirlwind         |       |       |       |    33 |    75 |    17 ||   125
         Wall Jump         |       |       |       |     4 |       |       ||     4
  Evoke: Wand              |       |       |       |    23 |    17 |       ||    40
    Use: Scroll            |       |     3 |     7 |    14 |     4 |     8 ||    36
         Potion            |       |       |       |     6 |     5 |     2 ||    13
   Stab: Sleeping          |     5 |     7 |     3 |       |       |     1 ||    16
         Distracted        |     1 |       |       |       |       |       ||     1
 Armour: Skin              |    34 |    18 |    96 |   223 |   326 |   161 ||   858
  Dodge: Dodged            |    40 |    37 |   169 |   393 |   719 |   381 ||  1739
  Block: Other             |     7 |    15 |    52 |    77 |   163 |    80 ||   394
         Reflection        |       |     1 |     1 |     2 |    24 |     9 ||    37
   Form: Flux              |     1 |       |     2 |       |     3 |       ||     6
         Beast             |     1 |       |       |       |     2 |       ||     3
         Storm             |       |       |     1 |       |     2 |       ||     3
         Blade             |       |       |       |       |       |     1 ||     1
